 Dungeon Crawl Stone Soup version 0.31-a0-702-gf82c85558f (webtiles) character file.

Game seed: 6954000174845153844

52 qw the Shooter (level 3, -5/22 HPs)
             Began as a Gargoyle Hunter on Sept 8, 2023.
             Slain by Sigmund
             ... wielding a +2 vampiric scythe
              (7 damage)
             ... on level 2 of the Dungeon.
             The game lasted 00:00:25 (1068 turns).

qw the Shooter (Gargoyle Hunter)                    Turns: 1068, Time: 00:00:26

Health: -5/22      AC:  8    Str: 13 (14) XL:     3   Next: 85%
Magic:  3/3        EV: 10    Int:  6 (9)  God:
Gold:   87         SH:  0    Dex: 13 (15) Spells: 2/2 levels left

rFire   . . .        Y - +0 shortbow
rCold   . . .        (shield currently unavailable)
rNeg    + . .        e - +0 ring mail
rPois   inf          (no helmet)
rElec   +            (no cloak)
rCorr   .            (no gloves)
SInv    .            (no boots)
Will    .....        (no amulet)
Stlth   +            (no ring)
HPRegen 0.23/turn    (no ring)
MPRegen 0.08/turn

%: no passive effects
@: no status effects
A: sickness immunity, AC +3, negative energy resistance 1, electricity
resistance, torment resistance 1, petrification resistance
a: no special abilities


You were on level 2 of the Dungeon.
You visited 1 branch of the dungeon, and saw 2 of its levels.

You collected 87 gold pieces.


Innate Abilities, Weirdness & Mutations

You are immune to sickness and miasma.
Your stone body is resilient. (AC +3)
You are immune to poison.
You resist negative energy. (rN+)
You are resistant to electric shocks. (rElec)
You are resistant to unholy torment.
You are immune to petrification.


   Skills:
 + Level 2.8 Fighting
 - Level 5.0 Ranged Weapons
 - Level 1.0 Armour
 - Level 1.5 Dodging
 - Level 1.1 Stealth


You had 2 spell levels left.
You didn't know any spells.
Your spell library was empty.

Inventory:

Hand Weapons
 Y - a +0 shortbow (weapon)
Armour
 e - a +0 ring mail (worn)
Potions
 f - a potion of berserk rage {unknown}

Dungeon Overview and Level Annotations

Branches:
Dungeon (2/15)

Altars:

Annotations:
D:2 Sigmund


Message History

You shoot an arrow. The adder hisses angrily.
The arrow hits Sigmund.
Sigmund is lightly wounded.
Sigmund points at you and mumbles some strange words.
You are confused.
An adder comes into view.
The adder hisses angrily.
The adder bites you but does no damage. The adder closely misses you.
The adder bites you but does no damage. Sigmund closely misses you.
You feel less confused. The adder bites you but does no damage.
Sigmund gestures wildly while chanting.
Sigmund flickers and vanishes!
Deactivating autopickup; reactivate with Ctrl-A.
You shoot an arrow.
The arrow hits the adder but does no damage.
The adder bites you but does no damage. The adder closely misses you.
The adder barely misses you. Something hits you.
You shoot an arrow. The arrow misses the adder.
The adder bites you but does no damage. x2; The adder barely misses you. x2
Something hits you but does no damage.
You shoot an arrow. The arrow hits the adder.
The adder is moderately wounded.
The adder bites you. The adder bites you but does no damage.
Something hits you but does no damage.
You shoot an arrow. The arrow hits the adder.
The adder is severely wounded.
The adder barely misses you.
The adder bites you but does no damage. x3
You shoot an arrow. The arrow hits the adder!
You kill the adder!
The adder bites you but does no damage. Something hits you.
The adder bites you.
You shoot an arrow. The arrow hits the adder.
The adder is heavily wounded.
The adder closely misses you. Something hits you.
The adder bites you but does no damage.
You shoot an arrow. The arrow closely misses the adder.
Something hits you!
You die...

..........# #..
#..............#. ##..
#..............#.#.. .
#......#.......#.#.# #
#......#.......#.#)# # ..
#......#...........###
...#......#.......##.#...
..........#####.#.%#.#.#.
......{S@.####...........
.......!.................
...$.##..#.......#.....).
.... ##.#...............
.. .............##...
...........##..#...
##..........###.....
#...........###....
#.................#


You could see an adder.

Vanquished Creatures
  An adder (D:2)
  A worm (D:2)
  A dart slug (D:1)
  8 bats
  2 endoplasms
  4 giant cockroaches (D:1)
  3 goblins
  6 hobgoblins
  A quokka (D:1)
  A ball python (D:1)
  3 frilled lizards (D:1)
  2 kobolds (D:1)
  A rat (D:1)
34 creatures vanquished.

Notes
Turn   | Place    | Note
-------+----------+-------------------------------------------
     0 | D:1      | qw the Gargoyle Hunter began the quest for the Orb.
     0 | D:1      | Reached XP level 1. HP: 12/12 MP: 1/1
     0 | D:1      | 0 ||| qw: Version: 0.3-a-76-g4403597
     0 | D:1      | 0 ||| qw: Game counter: 1002
     0 | D:1      | 0 ||| qw: Melee chars always use a shield: true
     0 | D:1      | 0 ||| qw: God list: Okawaru
     0 | D:1      | 0 ||| qw: Allow faded altars: false
     0 | D:1      | 0 ||| qw: Do Orc after clearing Dungeon:15 true
     0 | D:1      | 0 ||| qw: Do second Lair branch before Depths: true
     0 | D:1      | 0 ||| qw: Lair rune preference: random
     0 | D:1      | 0 ||| qw: Goals: Normal
     0 | D:1      | 0 ||| PLANNING D:1-11
    51 | D:1      | Found a faded altar of an unknown god.
   129 | D:1      | Reached XP level 2. HP: 17/17 MP: 2/2
   483 | D:1      | Reached XP level 3. HP: 21/21 MP: 3/3
   569 | D:1      | Reached skill level 5 in Ranged Weapons
   874 | D:1      | 874 ||| UPGRADING to +0 ring mail.
   884 | D:1      | 884 ||| DROPPING +0 leather armour.
   885 | D:1      | 885 ||| READING scroll labelled ARETISHRAAME.
   890 | D:1      | 890 ||| DRINKING 2 bubbling clear potions.
   891 | D:1      | 891 ||| DROPPING scroll of butterflies.
   892 | D:1      | 892 ||| DROPPING potion of degeneration.
  1010 | D:2      | Reached skill level 1 in Armour
  1052 | D:2      | Noticed Sigmund
  1053 | D:2      | 1053 ||| FLEEEEING.
  1066 | D:2      | HP: 3/22 [adder (3)]
  1068 | D:2      | Slain by Sigmund

Levels and vault maps discovered:
D:1:      onia_arrival_mini_spirals, layout_basic,
          ebering_ecumenical_altar_webs, minmay_misc_feat_more_columns
D:2:      layout_rooms, kennysheep_generic_room_4, uniq_sigmund

Skill      XL: |  1  2  3 |
---------------+----------+-----
Ranged Weapons | 5 |  5.0
Armour         | 1 |  1.0
Fighting       | |  2.8
Dodging        | |  1.5
Stealth        | |  1.1

Action                     || total
---------------------------++-------
   Fire: Shortbow          ||   107
    Use: Scroll            ||     1
         Potion            ||     1
 Armour: Leather armour    ||    18
         Ring mail         ||    27
  Dodge: Dodged            ||    40

Table legend:
 A = Non-vault XP
 B = Vault XP
 C = Vault XP percentage of total XP
 D = Non-vault monster count
 E = Vault monster count
 F = Vault count percentage of total count
                 A         B        C        D         E       F
            +---------+---------+-------+---------+---------+-------
      Total |      75 |       0 |   0.0 |      34 |       0 |   0.0
            +---------+---------+-------+---------+---------+-------
        D:1 |      49 |       0 |   0.0 |      28 |       0 |   0.0
        D:2 |      26 |       0 |   0.0 |       6 |       0 |   0.0
            +---------+---------+-------+---------+---------+-------
